 Dungeon Sprint DCSS version 0.24.0-13-gcf9b319 (webtiles) character file.

Game seed: 8005133517783423443, levelgen mode: deterministic

506 EndlessMike the Martial Artist (level 10, 0/62 HPs)
             Began as a Vine Stalker Monk on Apr 10, 2020.
             Was the Champion of Qazlal.
             Succumbed to Rupert's poison
             ... in the Dungeon (Sprint VI: "Thunderdome").
             The game lasted 00:09:55 (839 turns).

EndlessMike the Martial Artist (Vine Stalker Monk)   Turns: 839, Time: 00:09:56

Health: 0/62       AC: 11    Str: 17    XL:     10   Next: 38%
Magic:  0/11       EV: 11    Int: 14    God:    Qazlal [******]
Gold:   350        SH:  8    Dex: 15    Spells: 9/9 levels left

rFire    + . .     SeeInvis .     - Unarmed
rCold    . . .     Gourm    .   (no shield)
rNeg     . . .     Faith    .   n - +2 scale mail {rF+}
rPois    +         Spirit   +   (no helmet)
rElec    +         Reflect  .   (no cloak)
rCorr    .         Harm     .   a - -4 pair of gloves of Death Resistance {rElec rPois Int+4 Dex-2}
MR       +....     NoTele   +   (no boots)
Stlth    +.........             (no amulet)
HPRegen  0.60/turn              (no ring)
MPRegen  0.12/turn              (no ring)

@: lethally poisoned (0 -> -1), protected from physical damage, very slightly
contaminated, hasted, studying Translocations, repel missiles, very quick
A: fangs 3, regeneration 1, magic shield, antimagic bite, no potion heal 3, rot
immunity
}: 1/15 runes: serpentine
a: Upheaval, Elemental Force, Disaster Area, Renounce Religion


You were in the Dungeon.
You worshipped Qazlal.
Qazlal was exalted by your worship.
You were not hungry.

You visited 1 branch You collected 850 gold pieces.
You spent 500 gold pieces at shops.

Inventory:

Armour
 a - the -4 pair of gloves of Death Resistance (worn) {rElec rPois Int+4 Dex-2}
   (You bought it in a shop in the Dungeon)

   It affects your intelligence (+4).
   It affects your dexterity (-2).
   It insulates you from electricity.
   It protects you from poison.
 n - a +2 scale mail of fire resistance (worn)
Wands
 j - a wand of iceblast (2)
Scrolls
 h - a scroll of blinking
 k - 3 scrolls of fog
Potions
 c - a potion of curing
 d - 4 potions of heal wounds
 e - 2 potions of haste
 f - 2 potions of magic
 l - a potion of resistance
 m - 5 potions of agility
Books
 i - a manual of Translocations
Comestibles
 b - a ration


   Skills:
 + Level 11.7 Fighting
 + Level 10.6 Armour
 - Level 2.4 Dodging
 - Level 2.4 Stealth
 + Level 14.1 Unarmed Combat


You had 9 spell levels left.
You didn't know any spells.
Your spell library was empty.

Dungeon Overview and Level Annotations

Branches:
Dungeon (1/1)

Altars:
Cheibriados
Dithmenos
Fedhas
Gozag
Kikubaaqudgha
Makhleb
Okawaru
Qazlal
Ru
Sif Muna
Trog
Uskayaw
Vehumet
Wu Jian
Xom
Yredelemnul
Zin
The Shining One
Beogh
Jiyva
Lugonu

Shops:
D *[%??*?*:[((!!!!

Annotations:
D Rupert


Innate Abilities, Weirdness & Mutations

You have razor-sharp teeth.
Your natural rate of healing is unusually fast.
When hurt, damage is shared between your health and your magic reserves.
Your bite disrupts and absorbs the magic of your enemies.
Potions cannot restore your health.
You are immune to rotting.


Message History

You feel a bit more experienced.
Rupert looks more energetic.
Rupert roars madly and goes into a rage!
Rupert goes berserk!
Things that are here:
a +4 scimitar of flaming; a +1 robe of magic resistance You closely miss Rupert.
You bite Rupert.
Rupert's magic leaks into the air.
You drain his magic.
You feel invigorated.
Rupert is almost dead.
You feel sick.
The crimson imp blinks!
Your scale mail prevents you from hitting Rupert.
Your bite misses Rupert.
Rupert is almost dead.
Rupert hits you with a +2 battleaxe of venom!!
* * * LOW HITPOINT WARNING * * *
You punch the scorpion! You bite the scorpion.
You kill the scorpion!
Qazlal accepts your kill. Rupert barely misses you.
The cyclops throws a large rock.
You block the large rock.
You die...

#_......._# #_..)...._#
###.)..[..[.### #⌠(.........§⌠#
######.8.........8.######
##∩.__....°C###......___∩##
###∩........8.# #.8........∩###
##..........§@(###.............#
#⌠..........###@..###..).......⌠
#⌠.......5..# #.<§# #.[........⌠
#⌠..........###...###..........⌠
##.............###.............#
###∩........8.# #.8........∩###
##∩___......###).....___∩##
######.8.........8.######
#⌠...........⌠# ###....÷....###


You could see Rupert (berserk) and a cyclops.

Vanquished Creatures
  Erica (D)
  Aizul (D)
  An ugly thing (D)
  A rust devil (D)
  An ice devil (D)
  A hippogriff (D)
  Sigmund (D)
  2 wolves (D)
  A bullfrog (D)
  A scorpion (D)
  3 hounds (D)
  An orc wizard (D)
  Terence (D)
  An adder (D)
  2 gnolls (D)
  4 orcs (D)
  A giant cockroach (D)
  A rat (D)
25 creatures vanquished.

Notes
Turn   | Place    | Note
-------+----------+-------------------------------------------
     0 | D        | EndlessMike the Vine Stalker Monk began the quest for the
                  | Orb.
     0 | D        | Reached XP level 1. HP: 11/11 MP: 2/2
     1 | D        | Found a shimmering blue altar of Sif Muna.
     1 | D        | Found a sacrificial altar of Ru.
     2 | D        | Found a glowing silver altar of Zin.
     2 | D        | Found a bloodstained altar of Trog.
     3 | D        | Found a stormy altar of Qazlal.
     4 | D        | Found Lotse's Delicious Food.
     4 | D        | Found a burning altar of Makhleb.
     4 | D        | Found a shadowy altar of Dithmenos.
     4 | D        | Found Jejaati's Identification Station.
     5 | D        | Found Fukliq's Jewellery.
     5 | D        | Found Ixkiwou's Advanced Armour.
     5 | D        | Round 1.
     8 | D        | Found a radiant altar of Vehumet.
    12 | D        | Became a worshipper of Qazlal Stormbringer
    12 | D        | Reached * piety under Qazlal
    12 | D        | Reached ** piety under Qazlal
    25 | D        | Found an iron altar of Okawaru.
    26 | D        | Found Porghae's Magic Scroll Shop.
    27 | D        | Found Jeur's Magic Scroll Shop.
    27 | D        | Found Hiural's Must-Have Magic.
    28 | D        | Found an ornate altar of the Wu Jian Council.
    28 | D        | Found a roughly hewn altar of Beogh.
    28 | D        | Found Cerum's Staff Store.
    32 | D        | Found an opulent altar of Gozag.
    33 | D        | Found a corrupted altar of Lugonu.
    34 | D        | Found a glowing golden altar of the Shining One.
    34 | D        | Noticed Terence
    35 | D        | Found Sisoscho's Distillery.
    36 | D        | Found Xulyxauf's Distillery.
    36 | D        | Found Niuqu's Bottled Wisdom.
    36 | D        | Found a blossoming altar of Fedhas.
    36 | D        | Found a hide-covered altar of Uskayaw.
    36 | D        | Found a viscous altar of Jiyva.
    36 | D        | Found Lytzeda's Do-It-Yourself Clinic.
    38 | D        | Killed Terence
    38 | D        | Reached skill level 5 in Unarmed Combat
    38 | D        | Reached XP level 2. HP: 16/16 MP: 3/3
    38 | D        | Reached XP level 3. HP: 19/19 MP: 4/4
    45 | D        | Bought 6 potions of agility for 168 gold pieces
    49 | D        | Found an ancient bone altar of Kikubaaqudgha.
    50 | D        | Found a snail-covered altar of Cheibriados.
    51 | D        | Found a basalt altar of Yredelemnul.
    52 | D        | Found a shimmering altar of Xom.
    52 | D        | Found Depp's Weapon Rack.
    52 | D        | Found Siroc's Premium Goods.
    53 | D        | Found Cimutwo's Basic Armour.
    53 | D        | Found Kyok's Miscellaneous Merchandise.
    78 | D        | Reached skill level 6 in Unarmed Combat
   134 | D        | Reached *** piety under Qazlal
   156 | D        | Noticed Sigmund
   163 | D        | Killed Sigmund
   163 | D        | Arena points: 14 (+14) [x2]
   163 | D        | Reached skill level 5 in Armour
   163 | D        | Reached skill level 9 in Unarmed Combat
   163 | D        | Gained mutation: Your natural rate of healing is unusually
                  | fast. [Vine Stalker growth]
   163 | D        | Reached XP level 4. HP: 23/23 MP: 5/5
   163 | D        | Reached XP level 5. HP: 27/27 MP: 6/6
   206 | D        | Round 2.
   271 | D        | Reached **** piety under Qazlal
   271 | D        | Reached skill level 10 in Unarmed Combat
   271 | D        | Reached XP level 6. HP: 32/32 MP: 7/7
   341 | D        | Arena points: 50 (+36) [x3]
   420 | D        | Round 3.
   420 | D        | Noticed a rust devil
   420 | D        | Noticed a hellwing
   421 | D        | Noticed an ice devil
   421 | D        | Noticed a red devil
   422 | D        | Noticed a rust devil
   425 | D        | Noticed a hellwing
   466 | D        | Killed a rust devil
   466 | D        | Reached skill level 5 in Fighting
   466 | D        | Reached skill level 11 in Unarmed Combat
   466 | D        | Reached XP level 7. HP: 20/39 MP: 6/8
   470 | D        | Killed an ice devil
   470 | D        | Reached skill level 12 in Unarmed Combat
   508 | D        | Arena points: 86 (+36) [x4]
   523 | D        | Round 4.
   532 | D        | Gained mutation: You have razor-sharp teeth. [Vine Stalker
                  | growth]
   532 | D        | Reached XP level 8. HP: 28/46 MP: 3/9
   535 | D        | Reached ***** piety under Qazlal
   550 | D        | Arena points: 226 (+140) [x5]
   566 | D        | Bought a pair of distressingly furry gloves for 332 gold
                  | pieces
   571 | D        | Identified the -4 pair of gloves of Death Resistance {rElec
                  | rPois Int+4 Dex-2} (You bought it in a shop in the Dungeon)
   607 | D        | Round 5.
   607 | D        | Noticed Aizul
   630 | D        | Killed Aizul
   630 | D        | Arena points: 506 (+280) [x7]
   630 | D        | Reached skill level 13 in Unarmed Combat
   631 | D        | Got a serpentine rune of Zot
   657 | D        | Reached skill level 10 in Fighting
   657 | D        | Reached XP level 9. HP: 23/55 MP: 10/10
   788 | D        | Round 6.
   788 | D        | Noticed Erica
   788 | D        | Noticed Rupert
   801 | D        | Reached XP level 10. HP: 43/60 MP: 9/11
   807 | D        | Noticed a brown ugly thing
   816 | D        | Noticed a cyclops
   832 | D        | Killed a white ugly thing
   832 | D        | Reached skill level 10 in Armour
   834 | D        | Killed Erica
   834 | D        | Reached ****** piety under Qazlal
   834 | D        | Reached skill level 14 in Unarmed Combat
   837 | D        | HP: 1/62 [Rupert/+2 battleaxe of venom (17)]
   839 | D        | Succumbed to Rupert's poison

Levels and vault maps discovered:
D:        arena_sprint

Skill      XL: |  1  2  3  4  5  6  7  8  9 10 |
---------------+-------------------------------+-----
Armour         | 2 5 7 8 9 10 | 10.6
Unarmed Combat | 5 9 10 11 12 13 14 | 14.1
Fighting       | 5 7 10 11 | 11.7
Dodging        | |  2.4
Stealth        | |  2.4

Action                   |  1- 3 |  4- 6 |  7- 9 | 10-12 || total
-------------------------+-------+-------+-------+-------++-------
Melee: Unarmed           |    14 |    16 |    45 |    19 ||    94
       Bite              |     3 |     5 |    10 |     7 ||    25
       Punch             |       |     1 |     3 |     3 ||     7
Invok: Upheaval          |       |       |     2 |       ||     2
Evoke: Wand              |     3 |     2 |     2 |     1 ||     8
  Use: Potion            |       |     2 |     3 |       ||     5
       Scroll            |       |     1 |     1 |     1 ||     3
Armor: Robe              |     1 |       |       |       ||     1
       Scale mail        |       |     3 |     7 |       ||    10
Dodge: Dodged            |     8 |     7 |    28 |     3 ||    46
       Deflected         |       |       |     2 |     1 ||     3
Block: Other             |       |     4 |    10 |     3 ||    17
